 Dungeon Crawl Stone Soup version 0.20-a0-754-g13ddd6e (webtiles) character file.

85 Alarkh the Insei (level 4, -1/36 HPs)
             Began as a Demonspawn Monk on Feb 26, 2017.
             Slain by an adder (3 damage)
             ... on level 2 of the Dungeon.
             The game lasted 00:01:17 (1207 turns).

Alarkh the Insei (Demonspawn Monk)                  Turns: 1207, Time: 00:01:18

Health: -1/36      AC:  2    Str: 16    XL:     4   Next: 25%
Magic:  13/13      EV: 13    Int: 11    God:
Gold:   57         SH:  0    Dex: 15    Spells: 3/3 levels left

rFire    . . .     SeeInvis .     - Unarmed
rCold    . . .     Gourm    .   a - +0 robe
rNeg     . . .     Faith    .   (no shield)
rPois    .         Spirit   .   (no helmet)
rElec    .         Reflect  .   (no cloak)
rCorr    .         Harm     .   (no gloves)
MR       .....                  (no boots)
Stlth    ++........             (no amulet)
Regen    0.2/turn               (no ring)
MPRegen  0.2/turn               e - ring of magical power

@: mighty, lethally poisoned (-1 -> -17)
A: claws 2, dopey 1, sense surroundings 1, powered by death 1
a: no special abilities


You were on level 2 of the Dungeon.
You were not hungry.

You visited 1 branch of the dungeon, and saw 2 of its levels.

You collected 57 gold pieces.

Inventory:

Armour
 a - a +0 robe (worn)
Jewellery
 e - a ring of magical power (left claw)
 j - a +4 ring of evasion {unknown}
Scrolls
 c - a scroll of identify {unknown}
 g - a scroll of enchant weapon {unknown}
 h - a scroll of remove curse {unknown}
Potions
 i - a potion of might
Comestibles
 b - a bread ration
 d - 2 chunks of flesh


   Skills:
 + Level 3.6 Fighting
 + Level 3.3 Dodging
 - Level 1.7 Stealth
 * Level 3.7 Unarmed Combat


You had 3 spell levels left.
You didn't know any spells.

Dungeon Overview and Level Annotations

Branches:
Dungeon (2/15)

Altars:


Innate Abilities, Weirdness & Mutations

You have very sharp fingernails.
You regenerate a little health from kills.
You are dopey. (Int -2)
You passively map a small area around you.


Message History

It was a potion of might.
You feel very mighty all of a sudden.
* * * LOW HITPOINT WARNING * * *
You feel sick.
It was a potion of mutation.
You feel extremely strange.
You feel stupid.
You feel a strange attunement to the structure of the dungeons.
* * * LOW HITPOINT WARNING * * *
You feel sick.
* * * LOW HITPOINT WARNING * * *
You feel sick.
You climb downwards.
* * * LOW HITPOINT WARNING * * *
You feel sick. The adder bites you.
* * * LOW HITPOINT WARNING * * *
You are more poisoned.
The adder poisons you! The ball python bites you.
* * * LOW HITPOINT WARNING * * *
The ball python completely misses you. The adder bites you.
You die...

, .... #.... ......
.....####...##.....[
, *
#......#.....#.....
, , 8
#...##.............
#.#.#..##....###(# ,
#................##
#......#..##..$....
*
#S.....#.....#.....
, ,
#.@....#...###.....
,, .. #S.÷.......#
.... ** ...*
#####....>..#... ...
...#*
#.............##. .
#..##
#.#..........## ## ,
#....##.######....##
,
#............#...##
, ,
####...÷.........#
#.............## *


You could see an adder and a ball python.

Vanquished Creatures
  Natasha (twice) (D:2)
  An adder (D:1)
  A dart slug (D:1)
  2 leopard geckos
  4 bats
  A giant cockroach (D:1)
  3 hobgoblins (D:1)
  3 jackals (D:1)
  A kobold (D:1)
  A frilled lizard (D:1)
  2 goblins (D:1)
  3 rats (D:1)
24 creatures vanquished.

Notes
Turn   | Place    | Note
-------+----------+-------------------------------------------
     0 | D:1      | Alarkh the Demonspawn Monk began the quest for the Orb.
     0 | D:1      | Reached XP level 1. HP: 18/18 MP: 1/1
   153 | D:1      | Gained mutation: You have sharp fingernails. [demonic ancestry]
   153 | D:1      | Reached XP level 2. HP: 17/24 MP: 2/2
   851 | D:2      | Noticed Natasha
   859 | D:2      | Killed Natasha
   859 | D:2      | Gained mutation: You have very sharp fingernails. [demonic ancestry]
   859 | D:2      | Reached XP level 3. HP: 28/29 MP: 3/3
   884 | D:2      | Noticed Natasha
  1170 | D:2      | Killed Natasha
  1170 | D:2      | Gained mutation: You regenerate a little health from kills. [demonic ancestry]
  1170 | D:2      | Reached XP level 4. HP: 32/35 MP: 4/4
  1205 | D:1      | Gained mutation: You are dopey. (Int -2) [potion of mutation]
  1205 | D:1      | Gained mutation: You passively map a small area around you. [potion of mutation]
  1207 | D:2      | Slain by an adder

Vault maps used:
D:1:      lemuel_arrival_funnel
D:2:      kennysheep_the_goblin_king, first_bread, kennysheep_minor_cross,
          uniq_natasha

Skill      XL: |  1  2 |
---------------+-------+-----
Unarmed Combat | 3 |  3.7
Dodging        | 3 |  3.3
Fighting       | |  3.6
Stealth        | |  1.7

Action                   |  1- 3 |  4- 6 || total
-------------------------+-------+-------++-------
Melee: Unarmed           |    79 |     7 ||    86
       Punch             |     2 |       ||     2
  Use: Potion            |       |     2 ||     2
 Stab: Sleeping          |     3 |       ||     3
  Eat: Chunk             |     1 |       ||     1
Armor: Robe              |    17 |     1 ||    18
Dodge: Dodged            |    61 |     9 ||    70
